 Dungeon Crawl Stone Soup version 0.23.2-40-g277498a001 (webtiles) character file.

Game seed: 7382600623469320720

359 H0rd4k the Charlatan (level 6, -1/44 HPs)
             Began as a Human Artificer on Sept 4, 2019.
             Succumbed to a worker ant's poison
             ... on level 4 of the Dungeon.
             The game lasted 00:05:07 (3570 turns).

H0rd4k the Charlatan (Human Artificer)              Turns: 3570, Time: 00:05:07

Health: -1/44      AC:  3    Str: 18    XL:     6   Next: 97%
Magic:  9/9        EV: 13    Int: 12    God:
Gold:   95         SH:  0    Dex: 13    Spells: 5/5 levels left

rFire    . . .     SeeInvis .   w - +1 spear of Inconvenience {pierce, MR+ Str+4} (curse)
rCold    . . .     Gourm    .   (no shield)
rNeg     + . .     Faith    .   l - +0 leather armour {rN+}
rPois    .         Spirit   .   (no helmet)
rElec    .         Reflect  .   (no cloak)
rCorr    .         Harm     .   (no gloves)
MR       +....                  (no boots)
Stlth    ++........             (no amulet)
HPRegen  0.14/turn              (no ring)
MPRegen  0.11/turn              (no ring)

@: lethally poisoned (-1 -> -16)
A: no striking features
a: no special abilities


You were on level 4 of the Dungeon.
You were not hungry.

You visited 1 branch of the dungeon, and saw 4 of its levels.

You collected 95 gold pieces.

Inventory:

Hand Weapons
 a - a +0 short sword
 c - a +0 rapier
 r - a +2 dagger of speed
 u - a +0 long sword
 w - the cursed +1 spear of Inconvenience (weapon) {pierce, MR+ Str+4}
   (You found it on level 4 of the Dungeon)

   It inflicts extra damage upon your enemies.
   It affects your strength (+4).
   It affects your resistance to hostile enchantments.
   It has a curse placed upon it.
Armour
 b - a +0 leather armour
 l - a +0 leather armour of positive energy (worn)
Wands
 d - a wand of enslavement (14)
Scrolls
 e - a scroll of noise {unknown}
 g - 2 scrolls of random uselessness {unknown}
 h - 2 scrolls of remove curse {unknown}
 i - 2 scrolls of enchant armour {unknown}
 j - 4 scrolls of identify {unknown}
 k - 2 scrolls of teleportation {unknown}
Potions
 m - 2 potions of curing
 n - a potion of brilliance {unknown}
 o - 2 potions of berserk rage {unknown}
 p - a potion of might {unknown}
 q - a potion of haste {unknown}
 s - a potion of lignification {unknown}
 t - a potion of mutation {unknown}
 v - a potion of invisibility {unknown}
Comestibles
 f - 7 rations


   Skills:
 + Level 2.1 Fighting
 + Level 3.2 Short Blades
 + Level 1.0 Polearms
 + Level 2.5 Armour
 + Level 2.9 Dodging
 + Level 2.5 Stealth
 + Level 4.0 Evocations


You had 5 spell levels left.
You didn't know any spells.
Your spell library was empty.

Dungeon Overview and Level Annotations

Branches:
Dungeon (4/15)
 Temple: D:4-7

Altars:
Ashenzari

Annotations:
D:2 1 runed translucent door, exclusion: downstairs, Crazy Yiuf
D:3 exclusion: gnoll


Message History

You feel sick. The worker ant bites you.
You hit the worker ant.
The worker ant is almost dead.
You feel sick. The worker ant bites you. x2
* * * LOW HITPOINT WARNING * * *
You are more poisoned.
The worker ant poisons you!
You closely miss the worker ant.
The worker ant is almost dead.
* * * LOW HITPOINT WARNING * * *
You feel sick. The worker ant closely misses you.
You hit the worker ant but do no damage.
The worker ant is almost dead.
* * * LOW HITPOINT WARNING * * *
You feel sick. The worker ant bites you.
* * * LOW HITPOINT WARNING * * *
You hit the worker ant.
You kill the worker ant!
Your Polearms skill increases to level 1!
You die...

.. ###.### # ##.....## .#
##.#.......#..# #[.#.......#.#
....._.....# #..#.......#
###..#.@.....# #
###....##.....## .#
###......####.####..##.
#......................
##...........................
##..................###.......
#...(...............# ......
#........รท.........## ...).
#..................# ....


There were no monsters in sight!

Vanquished Creatures
  An ogre (D:2)
  A crimson imp (D:4)
  2 worker ants (D:4)
  An orc wizard (D:3)
  5 adders
  4 gnolls (D:2)
  2 worms
  A dart slug (D:3)
  4 leopard geckos
  4 orcs (D:3)
  6 giant cockroaches
  2 goblins
  4 hobgoblins
  2 jackals (D:2)
  9 bats
  16 frilled lizards
  5 kobolds (D:1)
  11 rats
80 creatures vanquished.

Vanquished Creatures (others)
  A quokka (D:2)
1 creature vanquished.

Grand Total: 81 creatures vanquished

Notes
Turn   | Place    | Note
-------+----------+-------------------------------------------
     0 | D:1      | H0rd4k the Human Artificer began the quest for the Orb.
     0 | D:1      | Reached XP level 1. HP: 15/15 MP: 3/3
   293 | D:1      | Reached XP level 2. HP: 13/21 MP: 4/4
   838 | D:2      | Reached XP level 3. HP: 14/26 MP: 5/5
   988 | D:2      | Noticed an ogre
  1025 | D:2      | Reached skill level 1 in Armour
  1152 | D:2      | Reached XP level 4. HP: 19/32 MP: 6/6
  1596 | D:2      | Reached XP level 5. HP: 20/38 MP: 7/7
  1773 | D:2      | Found a runed translucent door.
  1774 | D:2      | Noticed Crazy Yiuf
  1933 | D:2      | Killed an ogre
  1933 | D:2      | Reached XP level 6. HP: 44/44 MP: 8/8
  2666 | D:3      | Reached skill level 4 in Evocations
  3152 | D:4      | Got a slimy spear
  3164 | D:4      | Identified the cursed +1 spear of Inconvenience {pierce,
                  | MR+ Str+4} (You found it on level 4 of the Dungeon)
  3447 | D:4      | Found a shattered altar of Ashenzari.
  3569 | D:4      | HP: 1/44 [worker ant (6)]
  3570 | D:4      | Reached skill level 1 in Polearms
  3570 | D:4      | Succumbed to a worker ant's poison

Skill      XL: |  1  2  3  4  5  6 |
---------------+-------------------+-----
Armour         | 1 2 |  2.5
Short Blades   | 2 3 |  3.2
Fighting       | 2 |  2.1
Evocations     | 4 |  4.0
Stealth        | 2 |  2.5
Polearms       | 1 |  1.0
Dodging        | |  2.9

Action                   |  1- 3 |  4- 6 || total
-------------------------+-------+-------++-------
Melee: Short sword       |   108 |    73 ||   181
       Spear             |       |    48 ||    48
       Dagger            |       |    46 ||    46
       Rapier            |       |    43 ||    43
Evoke: Wand              |     8 |    23 ||    31
  Use: Potion            |       |     2 ||     2
 Stab: Sleeping          |     2 |     5 ||     7
  Eat: Chunk             |     1 |     8 ||     9
Armor: Leather armour    |    31 |    33 ||    64
Dodge: Dodged            |   114 |   103 ||   217
